 Dungeon Crawl Stone Soup version 0.19.5 (webtiles) character file.

11784 Peloso the Carver (level 11, -15/95 HPs)
             Began as a Minotaur Fighter on Mar 28, 2017.
             Was a High Priest of Okawaru.
             Killed from afar by Nergalle (42 damage)
             ... with a bolt of negative energy
             ... on level 12 of the Dungeon.
             The game lasted 00:26:02 (9068 turns).

Peloso the Carver (Minotaur Fighter)                Turns: 9068, Time: 00:26:02

Health: -15/95     AC: 17    Str: 22    XL:     11   Next: 53%
Magic:  8/10       EV: 20    Int:  5    God:    Okawaru [*****.]
Gold:   327        SH: 14    Dex: 12    Spells: 0 memorised, 10 levels left

rFire  x . .     SeeInvis .     R - +2 scimitar (slice)
rCold  + + +     Gourm    .     u - +1 ice dragon scales
rNeg   . . .     Faith    .     c - +0 shield
rPois  +         Spirit   .     (helmet restricted)
rElec  .         Reflect  .     d - +0 cloak {rPois}
rCorr  .         Harm     .     (no gloves)
MR     .....                    (no boots)
Stlth  +.........               b - amulet of regeneration
                                p - +6 ring of evasion
                                (no ring)

@: heroism, heavily drained
A: retaliatory headbutt, horns 2, cold resistance 1
a: Heroism, Finesse, Renounce Religion


You were on level 12 of the Dungeon.
You worshipped Okawaru.
Okawaru was extremely pleased with you.
You were not hungry.

You visited 1 branch of the dungeon, and saw 12 of its levels.

You collected 627 gold pieces.
You spent 300 gold pieces at shops.

Inventory:

Hand Weapons
 a - a +1 long sword
 t - the +7 whip of Terror {elec, *Noise rC+ Str+7 Int+3}
   (You found it on level 4 of the Dungeon)

   Occasionally, upon striking a foe, it will discharge some electrical energy
   and cause terrible harm.
   It affects your strength (+7).
   It affects your intelligence (+3).
   It protects you from cold.
   It may make noises in combat.
 J - a +2 falchion of freezing
 R - a +2 scimitar of slicing (weapon)
Armour
 c - a +0 shield (worn)
 d - a +0 cloak of poison resistance (worn)
 s - a +2 cloak
 u - +1 ice dragon scales (worn)
Jewellery
 b - an amulet of regeneration (around neck)
 i - an uncursed ring of protection from cold
 p - a +6 ring of evasion (right hand)
 q - an uncursed ring of flight
 y - an uncursed ring of wizardry
Wands
 M - a wand of confusion (29/48)
Scrolls
 g - a scroll of enchant armour
 j - 2 scrolls of enchant weapon
 k - 3 scrolls of amnesia
 n - 2 scrolls of magic mapping
 x - 3 scrolls of teleportation
 B - a scroll of fog
 D - 3 scrolls of random uselessness
 E - a scroll of brand weapon
 F - 2 scrolls of remove curse
 H - a scroll of blinking {unknown}
 I - a scroll of fear {unknown}
 L - 2 scrolls of identify
Potions
 e - 3 potions of curing
 h - a potion of magic
 m - 2 potions of berserk rage {unknown}
 o - 4 potions of brilliance
 w - a potion of haste
 z - 3 potions of cure mutation
 C - a potion of heal wounds
 G - a potion of flight
 K - a potion of might
 O - a potion of agility {unknown}
 Q - a potion of ambrosia {unknown}
Books
 N - a book of Callings

   Spells                             Type                      Level
   a - Summon Small Mammal            Summoning                    1
   b - Call Imp                       Summoning                    2
   c - Call Canine Familiar           Summoning                    3
   d - Summon Guardian Golem          Hexes/Summoning              3
   e - Summon Lightning Spire         Summoning/Air                4
   f - Summon Ice Beast               Ice/Summoning                4
Comestibles
 f - 8 bread rations
 l - 4 meat rations
 r - 8 royal jellies
 v - a beef jerky
 A - 2 slices of pizza
 P - 2 chunks of flesh


   Skills:
 + Level 8.8(12.1) Fighting
 + Level 13.2(16.4) Long Blades
 + Level 10.0(13.3) Armour
 + Level 5.1(8.6) Dodging
 + Level 1.5(5.1) Stealth
 + Level 11.3(14.6) Shields
 + Level 0.2(3.9) Unarmed Combat
 + Level 0.6(0.0) Invocations


You had 10 spell levels left.
You didn't know any spells.

Dungeon Overview and Level Annotations

Branches:
Dungeon (12/15)            Temple (0/1) D:5            Lair (0/6) D:8
    Orc: D:9-12

Altars:
Cheibriados
Dithmenos
Elyvilon
Fedhas
Gozag
Hepliaklqana
Kikubaaqudgha
Makhleb
Nemelex Xobeh
Okawaru
Qazlal
Sif Muna
Trog
Xom
Yredelemnul

Shops:
D:7 [   D:8 ?   D:11 :   D:12 %

Annotations:
D:12 Nergalle


Innate Abilities, Weirdness & Mutations

You reflexively headbutt those who attack you in melee.
You have a pair of horns on your head.
Your flesh is cold resistant. (rC+)


Message History

You hit Nergalle but do no damage. You headbutt Nergalle!
Nergalle is moderately wounded.
Nergalle gestures at you while chanting.
Orcish apparitions take form around you.
You barely miss Nergalle.
Nergalle is moderately wounded.
You hit Nergalle but do no damage.
Nergalle is moderately wounded.
Nergalle hits you but does no damage.
The spectral orc warrior hits you but does no damage.
You gain the combat prowess of a mighty hero.
You block Nergalle's attack. You block the spectral orc's attack.
The spectral orc warrior hits you but does no damage.
You block the spectral orc warrior's attack.
You barely miss Nergalle.
You headbutt Nergalle, but do no damage.
Nergalle is moderately wounded.
Nergalle casts a spell at you. The bolt of negative energy hits you!
You feel drained.
You die...

##+########
......Z...#####+########
......o@.†)..#..........
......ZZ..##.#..........
..........##.'..........
.......<..####..........
..........# #..........
..........# #.....<....
########'## ##'########
#.# #.## ### #..####.≈.


You could see Nergalle, a spectral orc and 2 spectral orc warriors.

Vanquished Creatures
  The ghost of Ebilmort the Destroyer, a novice OpWz of Vehumet (D:10)
  An unseen horror (D:10)
  4 hill giants
  An ugly thing (D:11)
  An elephant (D:8)
  A black mamba (shapeshifter) (D:12)
  The ghost of maxonian the Slasher, a novice DsFi of Ru (D:6)
  5 trolls
  A queen bee (D:8)
  2 hippogriffs (D:9)
  A hornet (D:8)
  A yak (D:8)
  A vampire (D:12)
  A wraith (D:10)
  Grum (D:8)
  A soldier ant (D:10)
  An orc warrior (D:9)
  2 ice beasts (D:8)
  5 sky beasts
  5 black bears
  A necrophage (D:8)
  5 ogres
  4 wolves (D:8)
  2 centaurs (D:8)
  A big kobold (D:10)
  3 bullfrogs
  5 scorpions
  17 killer bees
  The ghost of letownia the Digger, a weakling FoEE (D:4)
  An electric eel (D:12)
  3 crimson imps
  4 jellies
  A quasit (D:7)
  4 hounds
  Crazy Yiuf (D:2)
  A centaur skeleton (D:7)
  5 orc priests
  9 orc wizards
  A bullfrog skeleton (D:7)
  3 iguanas
  8 worker ants
  A killer bee zombie (D:5)
  A howler monkey zombie (D:5)
  9 gnolls
  6 adders
  A howler monkey skeleton (D:10)
  7 river rats (D:8)
  A shadow imp (D:5)
  An ooze (D:3)
  An adder skeleton (D:5)
  An adder zombie (D:5)
  4 dart slugs
  2 worms
  3 leopard geckos
  48 orcs
  A ball python (D:1)
  5 giant cockroaches
  8 goblins
  4 hobgoblins
  8 jackals
  4 quokkas
  10 bats
  5 frilled lizards
  10 kobolds
  A quokka zombie (D:5)
  23 rats
  A spectral orc (D:3)
283 creatures vanquished.

Vanquished Creatures (others)
  A fungus (D:5)
  A plant (D:12)
2 creatures vanquished.

Grand Total: 285 creatures vanquished

Notes
Turn   | Place    | Note
-------+----------+-------------------------------------------
     0 | D:1      | Peloso the Minotaur Fighter began the quest for the Orb.
     0 | D:1      | Reached XP level 1. HP: 19/19 MP: 0/0
    92 | D:1      | Reached XP level 2. HP: 22/27 MP: 1/1
   332 | D:1      | Reached XP level 3. HP: 33/33 MP: 2/2
   772 | D:2      | Found an iron altar of Okawaru.
   805 | D:2      | Became a worshipper of Warmaster Okawaru
   883 | D:2      | Found a runed door.
   947 | D:2      | Reached skill level 3 in Long Blades
  1151 | D:2      | Noticed Crazy Yiuf
  1161 | D:2      | Killed Crazy Yiuf
  1161 | D:2      | Reached XP level 4. HP: 14/40 MP: 3/3
  1427 | D:3      | Noticed an ogre
  1435 | D:3      | Killed an ogre
  1435 | D:3      | Reached skill level 5 in Shields
  1435 | D:3      | Reached XP level 5. HP: 24/47 MP: 4/4
  1615 | D:3      | Reached skill level 4 in Long Blades
  1626 | D:3      | Reached skill level 5 in Armour
  1626 | D:3      | Reached skill level 1 in Dodging
  1944 | D:3      | Found a snail-covered altar of Cheibriados.
  1983 | D:3      | Reached XP level 6. HP: 49/53 MP: 5/5
  2113 | D:3      | Found a shadowy altar of Dithmenos.
  2218 | D:3      | Found a basalt altar of Yredelemnul.
  2361 | D:4      | Reached skill level 5 in Long Blades
  2388 | D:4      | Reached * piety under Okawaru
  2479 | D:4      | Noticed letownia's ghost (weakling FoEE)
  2490 | D:4      | Killed letownia's ghost
  2735 | D:4      | Got a crude whip
  2736 | D:4      | Identified the +7 whip of Terror {elec, *Noise rC+ Str+7 Int+3} (You found it on level 4 of the Dungeon)
  3030 | D:5      | Entered Level 5 of the Dungeon
  3113 | D:5      | Found a blossoming altar of Fedhas.
  3113 | D:5      | Noticed a sky beast
  3150 | D:5      | Killed a sky beast
  3150 | D:5      | Reached XP level 7. HP: 24/60 MP: 6/6
  3156 | D:5      | Found a stormy altar of Qazlal.
  3169 | D:5      | Reached skill level 6 in Long Blades
  3405 | D:5      | Found a staircase to the Ecumenical Temple.
  3582 | D:5      | Found a sparkling altar of Nemelex Xobeh.
  3681 | D:5      | Reached ** piety under Okawaru
  3797 | D:5      | Found an opulent altar of Gozag.
  3797 | D:5      | Found a white marble altar of Elyvilon.
  3836 | D:6      | Noticed maxonian's ghost (novice DsFi)
  3854 | D:6      | Killed maxonian's ghost
  3854 | D:6      | Reached skill level 5 in Fighting
  3854 | D:6      | Reached skill level 7 in Long Blades
  3854 | D:6      | Reached XP level 8. HP: 31/68 MP: 4/7
  4339 | D:6      | Found an ancient bone altar of Kikubaaqudgha.
  4346 | D:6      | Reached *** piety under Okawaru
  4493 | D:6      | Reached skill level 8 in Long Blades
  4544 | D:6      | Received a gift from Okawaru
  4576 | D:7      | Reached skill level 1 in Stealth
  4668 | D:7      | Found a shimmering altar of Xom.
  4783 | D:7      | Found a bloodstained altar of Trog.
  4789 | D:7      | Reached skill level 9 in Long Blades
  4881 | D:7      | Reached XP level 9. HP: 75/75 MP: 8/8
  5070 | D:7      | Found Hacemuam's Antique Armour Shoppe.
  5126 | D:8      | Reached **** piety under Okawaru
  5187 | D:8      | Found Kuonuif's Magic Scroll Emporium.
  5193 | D:8      | Bought a scroll of brand weapon for 240 gold pieces
  5193 | D:8      | Bought a scroll of remove curse for 36 gold pieces
  5193 | D:8      | Bought a scroll of identify for 24 gold pieces
  5201 | D:8      | Gained mutation: Your flesh is cold resistant. (rC+) [potion of beneficial mutation]
  5278 | D:8      | Reached skill level 10 in Long Blades
  5290 | D:8      | Noticed a queen bee
  5306 | D:8      | Killed a queen bee
  5444 | D:8      | Reached ***** piety under Okawaru
  5688 | D:8      | Noticed Grum
  5723 | D:8      | Killed Grum
  5723 | D:8      | Reached XP level 10. HP: 66/84 MP: 9/9
  5732 | D:8      | Reached skill level 11 in Long Blades
  5771 | D:8      | Noticed an elephant
  5772 | D:8      | Found a staircase to the Lair.
  5793 | D:8      | Killed an elephant
  6212 | D:8      | Reached skill level 10 in Shields
  6487 | D:8      | Found a burning altar of Makhleb.
  6558 | D:9      | Received a gift from Okawaru
  6575 | D:9      | Got a pitted buckler {god gift}
  6586 | D:9      | Identified the +0 buckler "Riffua" {*Slow Int+8} (Okawaru gifted it to you on level 9 of the Dungeon)
  6782 | D:9      | Found a hazy altar of Hepliaklqana.
  6870 | D:9      | Reached skill level 12 in Long Blades
  7044 | D:9      | Found a deep blue altar of Sif Muna.
  7256 | D:10     | Entered Level 10 of the Dungeon
  7278 | D:10     | Noticed a hill giant
  7288 | D:10     | Killed a hill giant
  7466 | D:10     | Noticed a hill giant
  7482 | D:10     | Killed a hill giant
  7527 | D:10     | Reached XP level 11. HP: 82/94 MP: 10/10
  7924 | D:10     | Killed an unseen horror
  8211 | D:10     | Noticed Ebilmort's ghost (novice OpWz)
  8235 | D:10     | Killed Ebilmort's ghost
  8235 | D:10     | Received a gift from Okawaru
  8564 | D:11     | Found Bopaqic's Book Emporium.
  8679 | D:11     | Noticed a white ugly thing
  8694 | D:11     | Killed a white ugly thing
  8697 | D:11     | Noticed a hill giant
  8698 | D:11     | Noticed a hill giant
  8713 | D:11     | Killed a hill giant
  8713 | D:11     | Reached skill level 13 in Long Blades
  8720 | D:11     | Killed a hill giant
  8754 | D:11     | Noticed a five-headed hydra
  8817 | D:12     | Found Uliozuath's Food Emporium.
  9017 | D:12     | Received a gift from Okawaru
  9050 | D:12     | Reached skill level 10 in Armour
  9050 | D:12     | Reached skill level 5 in Dodging
  9052 | D:12     | Noticed Nergalle
  9068 | D:12     | Killed from afar by Nergalle

Skill      XL: |  1  2  3  4  5  6  7  8  9 10 11 |
---------------+----------------------------------+-----
Shields        | 4 5 6 7 9 10 11 | 11.3
Fighting       | 4 5 6 8 |  8.8
Armour         | 4 5 6 7 8 9 10 | 10.0
Long Blades    | 3 4 5 7 9 10 12 13 | 13.2
Dodging        | 1 2 3 5 |  5.1
Stealth        | 1 |  1.5
Unarmed Combat | |  0.2
Invocations    | |  0.6

Action                   |  1- 3 |  4- 6 |  7- 9 | 10-12 || total
-------------------------+-------+-------+-------+-------++-------
Melee: Long sword        |   110 |   150 |   331 |   201 ||   792
       Headbutt          |    17 |    26 |    82 |    94 ||   219
       Unarmed           |     6 |       |       |       ||     6
       Falchion          |       |       |       |   220 ||   220
       Scimitar          |       |       |       |    29 ||    29
Invok: Heroism           |       |       |     3 |     2 ||     5
  Use: Potion            |     1 |       |     1 |     1 ||     3
       Scroll            |       |    10 |     7 |     4 ||    21
  Eat: Chunk             |     1 |     6 |     7 |    12 ||    26
       Beef jerky        |       |       |     1 |       ||     1
Armor: Scale mail        |    56 |       |       |       ||    56
       Chain mail        |    36 |    57 |    43 |       ||   136
       Ice dragon scales |       |       |    71 |   107 ||   178
Dodge: Dodged            |    48 |    46 |   171 |   181 ||   446
Block: Shield            |    93 |    78 |   209 |   190 ||   570
       Rpst.: Long sword |     9 |     6 |    55 |    18 ||    88
       Falchion          |       |       |       |    17 ||    17
